AoeStats
← zonetone5566

Arena

504782063Analyzed
4v4 RM · 25d ago on Sep 6, 2026· 57m 48s· 8 players
Game mode
Random Map
Map size
Large (8 player)
Population
200
Speed
Normal
Resources
Standard
Victory
Conquest
Starting age
Dark Age
Ending age
Imperial Age
RankedLock teamsTeams togetherTeam positionsShared explorationLock speedFull tech treeHidden civsTurbo modeCheats
Victory
Defeat
🇹🇼 Hindustanis · Taiwan
1234
+12
🇹🇼 Franks · Taiwan
1182
+14
🇹🇼 Muisca · Taiwan
1108
+17
🇹🇼 Slavs · Taiwan
980
+22
🇷🇴 Malians · Romania
1169
-18
🇸🇮 Lithuanians · Slovenia
1140
-17
🇪🇸 Bohemians · Spain
1131
-16
🇨🇳 Franks · China
1068
-14
xl5789361
9:04 Loom
10:58 Feudal Age
14:36 Castle Age
13:21 Double-Bit Axe
15:52 Bow Saw
18:19 Loom
19:39 Wheelbarrow
19:43 Gold Mining
25:07 Hand Cart
24:37 Town Watch
30:36 Imperial Age
28:14 Scale Barding Armor
28:20 Forging
28:12 Husbandry
29:33 Chain Barding Armor
31:05 Iron Casting
31:54 Plate Barding Armor
30:42 Cavalier
32:22 Paladin
34:52 Blast Furnace
36:03 Coinage
38:14 Banking
39:41 Chivalry
40:02 Conscription
41:05 Town Patrol
51:02 Scale Mail Armor
CK.Leighton
11:04 Feudal Age
14:48 Castle Age
13:22 Double-Bit Axe
16:13 Loom
21:10 Gold Mining
23:40 Redemption
33:50 Sanctity
33:34 Atonement
33:52 Fervor
37:34 Imperial Age
42:12 Scale Mail Armor
42:22 Forging
42:02 Elite Temple Guard
42:07 Champi Runner
43:17 Chain Mail Armor
44:14 Wheelbarrow
43:23 Horse Collar
43:56 Bow Saw
43:41 Stone Mining
44:27 Gold Shaft Mining
43:16 Champi Warrior
44:34 Iron Casting
44:31 Conscription
44:15 Herbalism
44:14 Elite Champi Warrior
45:52 Plate Mail Armor
45:38 Fletching
45:49 Padded Archer Armor
46:30 Bodkin Arrow
46:56 Elite Guecha Warrior
48:22 Bracer
48:38 Leather Archer Armor
49:17 Thumb Ring
53:37 Coinage
54:46 Pikeman
55:27 Squires
58:10 Banking
zonetone5566
8:18 Loom
12:32 Feudal Age
17:54 Castle Age
16:50 Double-Bit Axe
16:50 Horse Collar
19:23 Bow Saw
19:15 Gold Mining
22:33 Scale Barding Armor
24:24 Wheelbarrow
24:51 Bloodlines
24:39 Town Watch
25:41 Forging
29:20 Hand Cart
34:04 Heavy Plow
38:19 Imperial Age
36:30 Iron Casting
37:17 Gold Shaft Mining
36:37 Stone Mining
38:09 Chain Barding Armor
40:07 Blast Furnace
39:43 Plate Barding Armor
39:54 Conscription
38:58 Elite Boyar
40:22 Heavy Scorpion
41:38 Caravan
42:36 Ballistics
43:16 Chemistry
55:50 Scale Mail Armor
55:32 Pikeman
56:13 Squires
56:29 Husbandry
56:47 Chain Mail Armor
56:02 Halberdier
56:49 Detinets
56:50 Druzhina
CKD_許昌小曹
10:53 Feudal Age
14:54 Castle Age
15:41 Double-Bit Axe
16:02 Horse Collar
17:20 Bow Saw
17:23 Heavy Plow
18:47 Loom
21:42 Wheelbarrow
22:09 Gold Mining
22:47 Town Watch
23:18 Bloodlines
23:31 Husbandry
24:37 Scale Barding Armor
25:08 Hand Cart
25:12 Forging
27:31 Chain Barding Armor
30:50 Imperial Age
31:00 Iron Casting
31:05 Gold Shaft Mining
30:20 Light Cavalry
31:06 Caravan
31:37 Coinage
32:37 Chemistry
31:49 Fortified Wall
31:03 Heavy Camel Rider
32:20 Plate Barding Armor
34:13 Conscription
34:15 Hussar
35:51 Shatagni
36:14 Siege Elephant
38:48 Imperial Camel Rider
41:03 Blast Furnace
MCMLXX
10:48 Feudal Age
12:08 Horse Collar
12:18 Double-Bit Axe
18:07 Castle Age
16:29 Gold Mining
17:20 Forging
17:41 Stone Mining
18:31 Loom
18:56 Fletching
21:04 Bodkin Arrow
26:20 Town Watch
27:56 Iron Casting
28:38 Scale Mail Armor
29:50 Chain Mail Armor
36:20 Imperial Age
36:17 Wheelbarrow
35:47 Heavy Plow
39:32 Conscription
38:36 Elite Gbeto
39:56 Plate Mail Armor
47:35 Scale Barding Armor
47:35 Farimba
49:08 Heavy Camel Rider
50:18 Chain Barding Armor
50:53 Bloodlines
52:03 Plate Barding Armor
51:36 Tigui
51:57 Hand Cart
52:37 Squires
52:23 Arson
m00n
10:34 Feudal Age
12:30 Wheelbarrow
12:03 Double-Bit Axe
15:56 Castle Age
15:48 Horse Collar
25:52 Pikeman
31:46 Hand Cart
35:37 Imperial Age
32:55 Loom
32:56 Town Watch
34:09 Scale Mail Armor
34:20 Forging
34:26 Masonry
34:37 Bow Saw
34:29 Heavy Plow
34:45 Stone Mining
34:47 Gold Mining
35:16 Thumb Ring
34:32 Elite Skirmisher
35:35 Ballistics
35:34 Fletching
35:44 Padded Archer Armor
36:00 Chain Mail Armor
36:20 Iron Casting
35:58 Fortified Wall
35:44 Halberdier
36:24 Squires
37:27 Chemistry
37:00 Architecture
37:05 Crop Rotation
945100118
10:39 Feudal Age
14:12 Castle Age
13:30 Double-Bit Axe
23:18 Wheelbarrow
23:00 Bow Saw
23:43 Gold Mining
25:16 Husbandry
25:23 Scale Barding Armor
25:29 Forging
25:59 Pikeman
26:40 Squires
26:26 Arson
26:27 Gambesons
26:49 Scale Mail Armor
32:06 Imperial Age
29:55 Hand Cart
29:25 Town Watch
29:26 Loom
30:45 Chain Mail Armor
31:06 Iron Casting
32:57 Chain Barding Armor
32:50 Halberdier
36:19 Cavalier
37:40 Plate Barding Armor
38:06 Blast Furnace
37:06 Padded Archer Armor
36:57 Fletching
37:38 Ballistics
38:20 Chemistry
37:16 Murder Holes
38:29 Elite Skirmisher
44:05 Paladin
45:51 #83
45:58 Conscription
52:21 Leather Archer Armor
52:01 Bodkin Arrow
diegosgdm
10:56 Feudal Age
12:13 Double-Bit Axe
14:34 Castle Age
14:19 Horse Collar
23:33 Wheelbarrow
24:12 Fortified Wall
24:46 Heavy Plow
25:03 Bow Saw
26:40 Forging
27:05 Hand Cart
31:53 Imperial Age
29:47 Masonry
31:34 Fletching
31:33 Pikeman
32:51 Iron Casting
32:17 Scale Mail Armor
32:38 Squires
34:32 Two-Man Saw
35:45 Chemistry
35:17 Architecture
35:11 Halberdier
36:09 Chain Mail Armor
38:12 Arson
39:03 Plate Mail Armor
38:53 Guilds
39:49 Blast Furnace
43:23 Bombard Tower
42:59 Murder Holes
43:11 Siege Engineers
43:09 Houfnice
49:05 Elite Skirmisher
50:04 Bodkin Arrow
50:10 Padded Archer Armor
51:49 Leather Archer Armor
51:35 Bracer
52:00 Ballistics
Connection lost

Rejoining the realm…

Still unreachable

The connection could not be restored.

Session expired

The server has moved on; the page needs a fresh start.